 Dungeon Crawl Stone Soup version 0.21-a0-270-g8204059 (webtiles) character file.

47 tidbits the Insei (level 3, 0/27 HPs)
             Began as a Demigod Transmuter on Sept 14, 2017.
             Slain by a hobgoblin
             ... wielding a +0 club
             ... led by Robin
              (8 damage)
             ... on level 2 of the Dungeon.
             The game lasted 00:03:16 (351 turns).

tidbits the Insei (Demigod Transmuter)               Turns: 351, Time: 00:03:17

Health: 0/27       AC:  2    Str: 13    XL:     3   Next: 29%
Magic:  6/8        EV: 12    Int: 19    God:
Gold:   18         SH:  0    Dex: 16    Spells: 3/6 levels left

rFire    . . .     SeeInvis .     - Unarmed
rCold    . . .     Gourm    .   (no shield)
rNeg     . . .     Faith    .   B - +0 robe
rPois    .         Spirit   .   (no helmet)
rElec    .         Reflect  .   (no cloak)
rCorr    .         Harm     .   (no gloves)
MR       .....                  (no boots)
Stlth    +.........             (no amulet)
HPRegen  0.09/turn              (no ring)
MPRegen  0.11/turn              (no ring)

@: appendage (expiring)
A: horns 2, high mp 1
a: End Transformation


You were on level 2 of the Dungeon.
You were not hungry.
You had grown temporary horns.
You visited 1 branch of the dungeon, and saw 2 of its levels.

You collected 18 gold pieces.

Inventory:

Hand Weapons
 b - a +0 hunting sling
Missiles
 a - 10 arrows
 g - 33 stones (quivered)
Armour
 B - a +0 robe (worn)
Scrolls
 f - a scroll of fear {unknown}
Potions
 e - a potion of curing {unknown}
Books
 c - a book of Changes

   Spells                             Type                      Level
   a - Beastly Appendage              Transmutation                1
   b - Sticks to Snakes               Transmutation                2
   c - Spider Form                    Transmutation/Poison         3
   d - Ice Form                       Ice/Transmutation            4
   e - Blade Hands                    Transmutation                5
Comestibles
 d - a bread ration


   Skills:
 - Level 0.8 Fighting
 - Level 1.7 Dodging
 * Level 3.6 Unarmed Combat
 - Level 2.0 Spellcasting
 + Level 2.2 Transmutations


You had 3 spell levels left.
You knew the following spells:

 Your Spells              Type           Power        Failure   Level  Hunger
e - Beastly Appendage     Tmut           ##....       7%          1    #......
k - Sticks to Snakes      Tmut           ##......     10%         2    ###....


Dungeon Overview and Level Annotations

Branches:
Dungeon (2/15)


Innate Abilities, Weirdness & Mutations

You have an increased reservoir of magic. (+10% MP)
You have a pair of horns on your head.


Message History

You swing at nothing.
You swing at nothing.
You swing at nothing.
You swing at nothing.
You swing at nothing.
You swing at nothing.
You swing at nothing.
You swing at nothing.
You swing at nothing.
You swing at nothing.
You swing at nothing.
You swing at nothing.
You swing at nothing.
You swing at nothing.
You swing at nothing.
You swing at nothing.
You swing at nothing.
You swing at nothing.
You swing at nothing.
You swing at nothing.
You swing at nothing.
Wield which item (- for none, * to show all)? (? for menu, Esc to quit)
b - a +0 hunting sling (weapon)
Things that are here:
a club; a goblin corpse; a hobgoblin corpse You see here a hunting sling.
g - 34 stones (gained 1)
A hobgoblin comes into view. It is wielding a club.
The goblin shouts!
Robin of the Strong Arm comes into view.
She is wielding a mace.
Firing (i - inventory):
g - 34 stones (quivered)
Press: ? - help, Shift-Dir - straight line, f - goblin
Aim: a goblin, wielding a dagger You shoot a stone.
The stone closely misses the goblin.
Robin shouts!
Robin moves out of view.
Robin throws the goblin at you! The goblin closely misses you.
The goblin hits you with a dagger.
Robin roars a battlecry!
The goblins go into a battle-frenzy!
You see here a hunting sling.
Things that are here:
a club; a goblin corpse; a hobgoblin corpse The goblin no longer looks unusually strong.
The goblin no longer looks unusually strong.
Casting: Beastly Appendage
Confirm with . or Enter, or press ? or * to list all spells.
You create a snake!
You now have 10 arrows.
Casting: Sticks to Snakes
Confirm with . or Enter, or press ? or * to list all spells.
You grow a pair of large bovine horns.
The goblin misses you.
You are now empty-handed.
The goblin hits you but does no damage.
You hit the goblin.
You kill the goblin!
You hit the goblin.
You kill the goblin!
Robin roars a battlecry!
The hobgoblin goes into a battle-frenzy!
Things that are here:
a dagger x2; a goblin corpse You completely miss Robin.
You headbutt Robin.
Robin is heavily wounded.
Your ball python barely misses Robin.
Your ball python grabs Robin.
Your ball python constricts Robin.
Robin misses your ball python.
You hit Robin but do no damage. You headbutt Robin, but do no damage.
Robin is heavily wounded.
Your ball python bites Robin but does no damage.
Your ball python constricts Robin.
Robin hits your ball python with a mace.
You hit Robin.
Robin is severely wounded.
Your ball python bites Robin but does no damage.
Your ball python constricts Robin.
Robin hits your ball python with a mace.
Your ball python dies!
You closely miss Robin.
Robin is severely wounded.
You barely miss Robin.
Robin is severely wounded.
Your transformation is almost over.
You closely miss Robin. You punch Robin.
Robin is almost dead.
Robin hits you with a mace. The hobgoblin hits you with a club.
You hit Robin.
Robin is almost dead.
Robin hits you with a mace.
* * * LOW HITPOINT WARNING * * *
The hobgoblin closely misses you.
You barely miss Robin. You headbutt Robin, but do no damage.
Robin is almost dead.
Robin hits you with a mace.
* * * LOW HITPOINT WARNING * * *
You barely miss Robin.
Robin is almost dead.
The hobgoblin barely misses you.
You hit Robin.
You kill Robin!
The hobgoblin hits you with a club!
You die...

#........#.#
#...........
#........#.#
#..........#
##########.#
############ #.#
#.# #.# #.#
#)################
#@g...............
##################


You could see a hobgoblin.

Vanquished Creatures
  Robin (D:2)
  An ooze (D:2)
  A dart slug (D:1)
  A leopard gecko (D:1)
  2 bats (D:1)
  10 goblins
  A hobgoblin (D:2)
  A kobold (D:2)
  2 rats (D:1)
20 creatures vanquished.

Vanquished Creatures (collateral kills)
  An adder (D:2)
1 creature vanquished.

Grand Total: 21 creatures vanquished

Notes
Turn   | Place    | Note
-------+----------+-------------------------------------------
     0 | D:1      | tidbits the Demigod Transmuter began the quest for the Orb.
     0 | D:1      | Reached XP level 1. HP: 15/15 MP: 5/5
    49 | D:1      | Reached skill level 3 in Unarmed Combat
    80 | D:1      | Reached XP level 2. HP: 19/22 MP: 5/7
    84 | D:1      | Learned a level 2 spell: Sticks to Snakes
   113 | D:1      | Reached skill level 2 in Transmutations
   118 | D:2      | Reached skill level 2 in Spellcasting
   186 | D:2      | Found a glowing silver altar of Zin.
   238 | D:2      | Reached XP level 3. HP: 12/27 MP: 6/8
   299 | D:2      | Noticed Robin
   351 | D:2      | Killed Robin
   351 | D:2      | Slain by a hobgoblin

Vault maps used:
D:1:      dpeg_arrival_line_fractal
D:2:      old_standard_altar, nicolae_overflow_crystal_walls, first_bread,
          uniq_robin

Skill      XL: |  1  2 |
---------------+-------+-----
Unarmed Combat | 3 |  3.6
Transmutations | 2 |  2.2
Spellcasting   | 2 |  2.0
Fighting       | |  0.8
Dodging        | |  1.7

Action                   || total
-------------------------++-------
Melee: Unarmed           ||    54
       Headbutt          ||    11
       Kick              ||     7
       Punch             ||     2
 Fire: Hunting sling     ||     1
 Cast: Beastly Appendage ||    13
       Sticks to Snakes  ||     2
 Stab: Sleeping          ||     1
Armor: Robe              ||     8
Dodge: Dodged            ||    22

Table legend:
 A = Spawn XP
 B = Non-spawn XP
 C = Spawn XP percentage of total XP
 D = Spawn monster count
 E = Non-spawn monster count
 F = Spawn count percentage of total count
 G = Total turns spent on level
                    A         B        C        D         E        F      G
               +---------+---------+-------+---------+---------+-------+---------
         Total |       0 |      68 |   0.0 |       0 |      21 |   0.0 |   351
               +---------+---------+-------+---------+---------+-------+---------
           D:1 |       0 |      21 |   0.0 |       0 |      10 |   0.0 |   115
           D:2 |       0 |      47 |   0.0 |       0 |      11 |   0.0 |   236
               +---------+---------+-------+---------+---------+-------+---------

Table legend:
 A = Turns spent in this place as a percentage of turns spent in the entire game.
 B = Non-inter-level travel turns spent in this place as a percentage of non-inter-level travel turns spent in the entire game.
 C = Inter-level travel turns spent in this place as a percentage of turns spent in this place.
 D = Turns resting spent in this place as a percentage of non-inter-level travel turns spent in this place.
 E = Turns spent auto-exploring this place as a percentage of non-inter-level travel turns spent in this place.
 F = Non-inter-level travel turns spent in this place divided by the number of levels of this place that you've seen.
                   A       B       C       D       E      F
               +-------+-------+-------+-------+-------+----------------------
         Total | 100.0 | 100.0 |   0.0 |   0.0 |   0.0 | 175.5
       Dungeon | 100.0 | 100.0 |   0.0 |   0.0 |   0.0 | 175.5
               +-------+-------+-------+-------+-------+----------------------

Table legend:
 A = Kills in this place as a percentage of kills in entire the game.
 B = Kills by you in this place as a percentage of kills by you in the entire game.
 C = Kills by friends in this place as a percentage of kills by friends in the entire game.
 D = Other kills in this place as a percentage of other kills in the entire game.
 E = Experience gained in this place as a percentage of experience gained in the entire game.
 F = Experience gained in this place divided by the number of levels of this place that you have seen.
                   A       B       C       D       E      F
               +-------+-------+-------+-------+-------+----------------------
         Total | 100.0 | 100.0 | 100.0 |   N/A | 100.0 |  34.0
       Dungeon | 100.0 | 100.0 | 100.0 |   N/A | 100.0 |  34.0
               +-------+-------+-------+-------+-------+----------------------

Vault maps used:
D:1:      dpeg_arrival_line_fractal
D:2:      old_standard_altar, nicolae_overflow_crystal_walls, first_bread,
          uniq_robin
